 Dungeon Crawl Stone Soup version 0.26-a0-652-gafc20e3620 (webtiles) character file.

Game seed: 18228053188032697436

931 looop the Poker (level 7, -2/58 HPs)
             Began as a Demonspawn Fighter on Oct 2, 2020.
             Slain by an orc priest
             ... wielding a cursed -3 club
              (4 damage)
             ... on level 4 of the Dungeon.
             The game lasted 00:07:01 (4719 turns).

looop the Poker (Demonspawn Fighter)                Turns: 4719, Time: 00:07:01

Health: -2/58      AC:  3    Str: 16    XL:     7   Next: 86%
Magic:  0/7        EV:  8    Int: 12    God:
Gold:   272        SH:  8    Dex: 14    Spells: 6/6 levels left

rFire    . . .     SeeInvis .   a - +2 spear (pain)
rCold    + . .     Faith    .   c - +0 kite shield
rNeg     . . .     Spirit   +   i - +0 robe (curse)
rPois    .         Reflect  .   (helmet restricted)
rElec    .         Harm     .   j - +0 cloak
rCorr    .         Rampage  .   (no gloves)
MR       .....                  (no boots)
Stlth    ++........             k - amulet of regeneration
HPRegen  0.59/turn              e - ring of wizardry
MPRegen  0.10/turn              (no ring)

@: no status effects
A: antennae 2, thin skeletal structure 1, cold resistance 1, magic shield,
freezing cloud immunity
a: no special abilities


You were on level 4 of the Dungeon.
You visited 1 branch of the dungeon, and saw 4 of its levels.
You also visited: Sewer.

You collected 272 gold pieces.

Inventory:

Hand Weapons
 a - a +2 spear of pain (weapon)
Missiles
 h - 315 stones (quivered)
Armour
 b - a +0 scale mail
 c - a +0 kite shield (worn)
 i - a cursed +0 robe (worn)
 j - a +0 cloak (worn)
Jewellery
 e - a ring of wizardry (left hand)
 k - an amulet of regeneration (around neck)
Scrolls
 f - 7 scrolls of teleportation
 n - a scroll of enchant weapon
 q - a scroll of enchant armour
 r - 2 scrolls of magic mapping
 s - a scroll of blinking
 t - a scroll of identify
 u - a scroll of fear
Potions
 d - a potion of might
 g - 2 potions of magic {unknown}
 l - a potion of flight {unknown}
 m - 2 potions of haste
 o - 2 potions of curing {unknown}
 p - a potion of degeneration {unknown}


   Skills:
 + Level 6.0 Fighting
 * Level 7.0 Polearms
 - Level 2.6 Armour
 - Level 2.6 Shields


You had 6 spell levels left.
You didn't know any spells.
Your spell library contained the following spells:

 Spells                   Type           Power        Failure   Level
 Magic Dart               Conj           #...         52%         1
 Searing Ray              Conj           #.....       65%         2
 Dazzling Flash           Conj/Hex       #.....       86%         3
 Fulminant Prism          Conj/Hex       #.........   99%         4
 Iskenderun's Mystic Bla  Conj/Tloc      #.......     99%         4


Dungeon Overview and Level Annotations

Branches:
Dungeon (4/15)              Sewer (visited)
 Temple: D:4-7

Altars:
Qazlal


Innate Abilities, Weirdness & Mutations

You have a pair of antennae on your head.
You have a somewhat thin skeletal structure. (Dex +2, Stealth)
Your flesh is cold resistant. (rC+)
When hurt, damage is shared between your health and your magic reserves.
You are immune to freezing clouds.


Message History

You kill the orc!
The orc throws a boomerang.
You block the boomerang.
The weapon returns to the orc!
You hear some strange, mumbled words.
The orc priest calls down the wrath of Beogh upon you.
Pain shoots through your body!
* * * LOW HITPOINT WARNING * * *
You completely miss the orc. Something hits you.
* * * LOW HITPOINT WARNING * * *
The orc barely misses you.
You hit the orc.
The orc is heavily wounded.
Something hits you.
* * * LOW HITPOINT WARNING * * *
The orc priest closely misses you. The orc closely misses you.
You closely miss the orc.
The orc is heavily wounded.
Something hits you but does no damage.
The orc priest hits you with a cursed -3 club.
You die...

#.....# #.
####.#####
... #....#
#.. .###
#.####...#
#.##...#
#....#
######..###
#...#...#
#...#@{.#
#.o.oo###
#...#.#
.........#
.......###
....###
.... ... ..


You could see an orc priest and 2 orcs.

Vanquished Creatures
  An ogre (D:4)
  6 big kobolds (Sewer)
  A centaur skeleton (D:4)
  Crazy Yiuf (D:2)
  An iguana (D:2)
  A worker ant (D:4)
  A worker ant zombie (D:4)
  3 gnolls (D:3)
  10 adders
  3 river rats (Sewer)
  8 oozes
  4 worms
  A dart slug (D:1)
  A leopard gecko (D:3)
  7 orcs
  6 giant cockroaches
  11 goblins
  5 hobgoblins
  6 jackals
  13 kobolds
  A quokka (D:2)
  7 ball pythons
  10 bats
  8 frilled lizards
  A jackal skeleton (D:4)
  14 rats
131 creatures vanquished.

Notes
Turn   | Place    | Note
-------+----------+-------------------------------------------
     0 | D:1      | looop the Demonspawn Fighter began the quest for the Orb.
     0 | D:1      | Reached XP level 1. HP: 18/18 MP: 1/1
    58 | D:1      | Reached skill level 2 in Polearms
   151 | D:1      | Gained mutation: You have a pair of small antennae on your
                  | head. [demonic ancestry]
   151 | D:1      | Reached XP level 2. HP: 24/24 MP: 2/2
  1072 | D:1      | Gained mutation: You have a somewhat thin skeletal
                  | structure. (Dex +2, Stealth) [demonic ancestry]
  1072 | D:1      | Reached XP level 3. HP: 22/29 MP: 3/3
  1320 | D:2      | Reached skill level 3 in Polearms
  1895 | D:2      | Gained mutation: When hurt, damage is shared between your
                  | health and your magic reserves. [demonic ancestry]
  1895 | D:2      | Reached XP level 4. HP: 37/37 MP: 4/4
  2295 | D:2      | Found a runed translucent door.
  2296 | D:2      | Noticed Crazy Yiuf
  2307 | D:2      | Killed Crazy Yiuf
  2307 | D:2      | Reached skill level 4 in Polearms
  2307 | D:2      | Gained mutation: You have a pair of antennae on your head.
                  | [demonic ancestry]
  2307 | D:2      | Reached XP level 5. HP: 14/42 MP: 0/5
  2515 | D:3      | Found a glowing drain.
  2574 | Sewer    | Entered a sewer
  2642 | Sewer    | Gained mutation: Your flesh is cold resistant. (rC+)
                  | [demonic ancestry]
  2642 | Sewer    | Reached XP level 6. HP: 34/49 MP: 3/6
  2762 | Sewer    | Reached skill level 5 in Polearms
  2975 | Sewer    | Reached skill level 5 in Fighting
  3243 | Sewer    | Gained mutation: You are immune to freezing clouds.
                  | [demonic ancestry]
  3243 | Sewer    | Reached XP level 7. HP: 50/56 MP: 5/7
  3409 | Sewer    | Reached skill level 6 in Polearms
  4157 | D:3      | Found a stormy altar of Qazlal.
  4714 | D:4      | Reached skill level 7 in Polearms
  4718 | D:4      | HP: 2/58 [something (4)]
  4719 | D:4      | Slain by an orc priest

Illustrated notes

Levels and vault maps discovered:
D:1:      minmay_arrival_four_houses, layout_loops_ring, minmay_tetromino_o2
D:2:      layout_basic, minmay_unequal, uniq_crazy_yiuf_cottage
D:3:      layout_loops_corners, cheibrodos_sewer_entry_drain,
          nicolae_qazlal_eye_of_the_storm
D:4:      layout_rooms, marbit_many_paths

Skill      XL: |  1  2  3  4  5  6  7 |
---------------+----------------------+-----
Polearms       | 2 3 4 5 7 |  7.0
Fighting       | 4 5 6 |  6.0
Armour         | |  2.6
Shields        | |  2.6

Action                   |  1- 3 |  4- 6 |  7- 9 || total
-------------------------+-------+-------+-------++-------
Melee: Trident           |    24 |       |       ||    24
       Spear             |   102 |   314 |   229 ||   645
Throw: Stone             |     1 |       |       ||     1
  Use: Scroll            |     2 |     2 |     4 ||     8
       Potion            |     1 |       |       ||     1
 Stab: Sleeping          |     8 |     6 |    12 ||    26
Armor: Scale mail        |     5 |       |       ||     5
       Robe              |    10 |    19 |    26 ||    55
Dodge: Dodged            |    25 |    56 |    43 ||   124
Block: Kite shield       |    33 |    86 |    76 ||   195

Table legend: (Time is in decaauts)
 A = Elapsed time spent in this place.
 B = Non-inter-level travel time spent in this place.
 C = Inter-level travel time spent in this place.
 D = Time resting spent in this place.
 E = Time spent auto-exploring this place.
 F = Levels seen in this place.
 G = Mean time per level.
                   A        B        C        D        E       F      G
               +--------+--------+--------+--------+--------+-----+--------+
         Total |   4822 |   4701 |    121 |    142 |   3336 |   5 |  964.4 |
       Dungeon |   3753 |   3632 |    121 |    133 |   2731 |   4 |  938.2 |
         Sewer |   1069 |   1069 |      0 |      9 |    605 |   1 | 1069.0 |
               +--------+--------+--------+--------+--------+-----+--------+

Top non-repeatable levels by time:
     D:2: 1273 daAuts
     D:1: 1186 daAuts
   Sewer: 1069 daAuts
     D:3: 974 daAuts
     D:4: 318 daAuts
